 Dungeon Crawl Stone Soup version 0.27-a0-789-g6bb3289e1e (webtiles) character file.

Game seed: 2068589543016080204

102 Lanoc the Cudgeller (level 4, -24/42 HPs)
             Began as a Deep Dwarf Chaos Knight on Mar 26, 2021.
             Was a Plaything of Xom.
             Annihilated by an ogre
             ... wielding a +0 giant club
              (28 damage)
             ... on level 3 of the Dungeon.
             The game lasted 00:03:53 (2076 turns).

Lanoc the Cudgeller (Deep Dwarf Chaos Knight)       Turns: 2076, Time: 00:03:53

Health: -24/42     AC:  7    Str: 21    XL:     4   Next: 50%
Magic:  4/4        EV: 12    Int: 13    God:    Xom [..*...]
Gold:   119        SH:  0    Dex: 13    Spells: 3/3 levels left

rFire    . . .     SeeInvis .   a - +0 mace (chaos)
rCold    . . .     Faith    .   (no shield)
rNeg     . . .     Spirit   .   b - +2 leather armour
rPois    .         Reflect  .   g - +0 helmet
rElec    .         Harm     .   (no cloak)
rCorr    .         Rampage  .   j - +0 pair of gloves
Will     .....                  (no boots)
Stlth    +.........             (no amulet)
HPRegen  0.00/turn              h - +6 ring of strength
MPRegen  0.09/turn              (no ring)

@: brilliant, non-regenerating
A: damage resistance, heal wounds, sense surroundings 1, no regeneration,
screaming 1
a: Heal Wounds, Renounce Religion


You were on level 3 of the Dungeon.
You worshipped Xom.
You were a toy of Xom.
You visited 1 branch of the dungeon, and saw 3 of its levels.

You collected 119 gold pieces.

Inventory:

Hand Weapons
 a - a +0 mace of chaos (weapon)
 c - a +4 whip
Missiles
 m - a throwing net
Armour
 b - a +2 leather armour (worn)
 g - a +0 helmet (worn)
 j - a +0 pair of gloves (worn)
Jewellery
 h - a +6 ring of strength (right hand)
Scrolls
 d - a scroll of noise {unknown}
 e - a scroll of silence {unknown}
 f - 2 scrolls of teleportation {unknown}
 i - a scroll of identify {unknown}
Potions
 k - a potion of magic
 l - a potion of resistance {unknown}
 n - a potion of flight


   Skills:
 + Level 3.2 Fighting
 * Level 4.0 Maces & Flails
 + Level 3.0 Armour
 + Level 2.3 Dodging


You had 3 spell levels left.
You didn't know any spells.
Your spell library was empty.

Dungeon Overview and Level Annotations

Branches:
Dungeon (3/15)

Altars:
Fedhas
Wu Jian


Innate Abilities, Weirdness & Mutations

You are resistant to damage.
You can heal yourself by infusing magical energy.
You passively map a small area around you.
You do not regenerate.
You occasionally shout uncontrollably at your foes.


Message History

The ball python constricts you.
The ball python bites you but does no damage.
The ball python constricts you.
You sock the ball python!
You kill the ball python!
You hit the jackal but do no damage. The jackal completely misses you.
The jackal misses you.
You sock the jackal! You freeze the jackal.
You kill the jackal!
You see here a jackal corpse.
Things that are here:
a jackal corpse; a jackal corpse
Found an ornate altar of the Wu Jian Council.
Found a dagger.
You see here a +0 dagger.
You are now a toy of Xom. "Go forth and redecorate, my child!"
Found a stone staircase leading up.
An ogre comes into view. It is wielding a +0 giant club.
The ogre is engulfed in seething chaos.
The ogre is engulfed in seething chaos.
The ogre seems to speed up.
Xom smiles on you.
You feel clever all of a sudden.
The ogre is engulfed in seething chaos.
The ogre suddenly seems more agile.
The ogre is engulfed in seething chaos.
The ogre flickers and vanishes!
Deactivating autopickup; reactivate with Ctrl-A.
Something hits you. Something hits you! Something hits you.
Something hits you but does no damage. Something hits you!
* * * LOW HITPOINT WARNING * * *
Something barely misses you.
You feel much better. Something hits you!!
Ouch! That really hurt!
* * * LOW HITPOINT WARNING * * *
Something hits you!!
Ouch! That really hurt!
You die...
Xom chuckles heartily!

# , * , , ,,, * *
, * , , ++* * #
,* ,, #. *, * *
#.### **
###...### *
#....@{.# *
#.#####ยง# *,* *
#.......#, ,
#.#####.# #
#.......#* ## *,
####.#####.# .##
,#..........#
..###
#<#.#..#####....#
....#
#............####


There were no monsters in sight!

Vanquished Creatures
  3 adders
  A worm (D:3)
  3 dart slugs
  5 endoplasms
  4 giant cockroaches (D:1)
  4 goblins
  7 hobgoblins
  4 jackals (D:3)
  6 quokkas
  9 ball pythons
  4 bats
  3 frilled lizards
  6 kobolds
  5 rats
64 creatures vanquished.

Vanquished Creatures (others)
  A dart slug (D:2)
  A bat (D:2)
  A plant (D:2)
3 creatures vanquished.

Grand Total: 67 creatures vanquished

Notes
Turn   | Place    | Note
-------+----------+-------------------------------------------
     0 | D:1      | Lanoc the Deep Dwarf Chaos Knight began the quest for the
                  | Orb.
     0 | D:1      | Reached XP level 1. HP: 20/20 MP: 1/1
    93 | D:1      | Reached XP level 2. HP: 16/27 MP: 2/2
   358 | D:1      | Reached XP level 3. HP: 21/34 MP: 3/3
   404 | D:1      | XOM: noise
  1160 | D:2      | Found a blossoming altar of Fedhas.
  1360 | D:2      | XOM: destruction
  1417 | D:2      | Reached XP level 4. HP: 11/42 MP: 4/4
  1551 | D:2      | XOM: give mutation
  1551 | D:2      | Gained mutation: You occasionally shout uncontrollably at
                  | your foes. [Xom's mischief]
  1593 | D:3      | XOM: confusion (+ monsters)
  1630 | D:3      | XOM: god gift: thin jewelled staff {god gift}
  1637 | D:3      | XOM: destruction
  1679 | D:3      | Reached skill level 4 in Maces & Flails
  1985 | D:3      | Found an ornate altar of the Wu Jian Council.
  2034 | D:3      | XOM: cloud trail
  2059 | D:3      | Noticed an ogre
  2064 | D:3      | XOM: potion effect (brilliance)
  2076 | D:3      | Annihilated by an ogre

Illustrated notes

Levels and vault maps discovered:
D:1:      saegor_arrival_simple_e, layout_loops_ring, corner_web_ring
D:2:      layout_loops_ring, marbit_many_paths, minmay_shallow_snake_nest
D:3:      layout_loops_ring, lemuel_round_altar, gammafunk_ghost_cemetery,
          minmay_misc_feat_rows

Skill      XL: |  1  2  3  4 |
---------------+-------------+-----
Fighting       | 3 |  3.2
Dodging        | 2 |  2.3
Armour         | 3 |  3.0
Maces & Flails | 4 |  4.0

Action                   |  1- 3 |  4- 6 || total
-------------------------+-------+-------++-------
Melee: Mace              |   127 |    52 ||   179
 Abil: Heal Wounds       |       |     2 ||     2
  Use: Potion            |     3 |       ||     3
 Stab: Sleeping          |     1 |       ||     1
       Paralysed         |     2 |       ||     2
Armor: Leather armour    |    45 |    23 ||    68
Dodge: Dodged            |   105 |    37 ||   142

Table legend: (Time is in decaauts)
 A = Elapsed time spent in this place.
 B = Non-inter-level travel time spent in this place.
 C = Inter-level travel time spent in this place.
 D = Time resting spent in this place.
 E = Time spent auto-exploring this place.
 F = Levels seen in this place.
 G = Mean time per level.
                   A        B        C        D        E       F      G
               +--------+--------+--------+--------+--------+-----+--------+
         Total |   2114 |   2079 |     35 |      0 |   1606 |   3 |  704.7 |
       Dungeon |   2114 |   2079 |     35 |      0 |   1606 |   3 |  704.7 |
               +--------+--------+--------+--------+--------+-----+--------+

Top non-repeatable levels by time:
     D:2: 818 daAuts
     D:1: 793 daAuts
     D:3: 502 daAuts
